 Dungeon Crawl Stone Soup version 0.19.0-19-g8c6edcc (webtiles) character file.

1653 equalderp2856 the Covert (level 8, 0/36 HPs)
             Began as a Felid Fighter on Nov 12, 2016.
             Killed from afar by Mlkhall's ghost (36 damage)
             ... with a bolt of magma
             ... on level 8 of the Dungeon.
             The game lasted 00:45:12 (9708 turns).

equalderp2856 the Covert (Felid Fighter)            Turns: 9708, Time: 00:45:16

Health: 0/36       AC:  2    Str: 13    XL:     8   Next: 68%
Magic:  11/12      EV: 24    Int: 11    God:
Gold:   496        SH:  0    Dex: 16    Spells: 1 memorised, 10 levels left
                                        Lives:  0   Deaths: 2

rFire  . . .     SeeInvis +       - Unarmed
rCold  . . .     Gourm    .     (armour unavailable)
rNeg   . . .     Faith    .     (shield unavailable)
rPois  .         Spirit   .     (helmet unavailable)
rElec  .         Reflect  .     (cloak unavailable)
rCorr  .         Harm     .     (gloves unavailable)
MR     +....                    (boots unavailable)
Stlth  +++++.....               f - amulet of regeneration
                                (no ring)
                                i - ring of wizardry

@: quick
A: no armour, no weapons or thrown items, stealth, claws 1, fangs 3, see
invisible, carnivore 3, speed 1, shaggy fur 2, slow metabolism 1, sharp paws
a: no special abilities


You were on level 8 of the Dungeon.
You were not hungry.

You visited 2 branches of the dungeon, and saw 9 of its levels.

You collected 496 gold pieces.

Inventory:

Hand Weapons
 e - a +0 shortbow
 r - a cursed -3 dagger
 s - a cursed -3 dagger
 N - a +0 blowgun
Missiles
 k - 63 bolts
 m - 27 sling bullets
 o - 178 stones
 q - 193 arrows
Jewellery
 f - an amulet of regeneration (around neck)
 i - a ring of wizardry (left paw)
 K - an uncursed ring of flight {unknown}
Wands
 I - a wand of digging (12/24)
 M - a wand of iceblast (3/15)
 P - a wand of slowing (14/48)
Scrolls
 h - 2 scrolls of fear {unknown}
 p - 2 scrolls of random uselessness {unknown}
 u - 11 scrolls of identify {unknown}
 v - 4 scrolls of recharging {unknown}
 y - 2 scrolls of noise {unknown}
 C - 3 scrolls of blinking {unknown}
 D - 9 scrolls of remove curse {unknown}
 E - a scroll of fog {unknown}
 F - a scroll of magic mapping {unknown}
 H - a scroll of enchant weapon {unknown}
 O - a scroll of teleportation {unknown}
 Q - a scroll of amnesia {unknown}
Potions
 a - a potion of might
 c - 3 potions of cure mutation
 d - a potion of haste
 g - 2 potions of flight {unknown}
 j - 3 potions of cancellation
 n - a potion of magic {unknown}
 t - 2 potions of ambrosia {unknown}
 w - 2 potions of invisibility {unknown}
 x - a potion of agility {unknown}
 z - a potion of degeneration {unknown}
 A - 4 potions of curing {unknown}
 B - a potion of berserk rage {unknown}
 J - a potion of lignification {unknown}
Books
 L - a book of Callings

   Spells                             Type                      Level
   a - Summon Small Mammal            Summoning                    1
   b - Call Imp                       Summoning                    2
   c - Call Canine Familiar           Summoning                    3
   d - Summon Guardian Golem          Hexes/Summoning              3
   e - Summon Lightning Spire         Summoning/Air                4
   f - Summon Ice Beast               Ice/Summoning                4
Comestibles
 b - 3 meat rations
 l - 4 beef jerkies
 G - 7 bread rations
 R - a slice of pizza


   Skills:
 + Level 4.4 Fighting
 + Level 8.3 Dodging
 * Level 11.0 Stealth
 + Level 11.0 Unarmed Combat
 * Level 2.0 Spellcasting
 * Level 2.2 Summonings


You had 10 spell levels left.
You knew the following spells:

 Your Spells              Type           Power        Failure   Level  Hunger
a - Summon Small Mammal   Summ           #...         6%          1    ##.....


Dungeon Overview and Level Annotations

Branches:
Dungeon (8/15)             Temple (1/1) D:7
   Lair: D:8-11

Altars:
Ashenzari
Cheibriados
Dithmenos
Elyvilon
Fedhas
Gozag
Hepliaklqana
Kikubaaqudgha
Makhleb
Nemelex Xobeh
Okawaru
Qazlal
Ru
Sif Muna
Trog
Uskayaw
Vehumet
Xom
Yredelemnul
Zin
The Shining One

Shops:
D:8 =

Annotations:
D:5 no0bjke's ghost, novice FoGl
D:8 Mlkhall's ghost, novice GrWz


Innate Abilities, Weirdness & Mutations

You cannot wear armour.
You are incapable of wielding weapons or throwing items.
Your paws allow you to move quietly. (Stealth)
You have sharp claws.
You have razor-sharp teeth.
You have supernaturally acute eyesight. (SInv)
You are carnivorous and can eat meat at any time.
You cover ground quickly.
You are covered in thick fur. (AC +2)
You have a slow metabolism.
Your sharp claws are effective at attacking unaware monsters.


Message History

The bullfrog is heavily wounded.
Your bat hits the bullfrog.
Your bat barely misses the bullfrog.
The bullfrog barely misses you.
You closely miss the bullfrog.
The bullfrog is heavily wounded.
Your bat hits the bullfrog. x3; The bullfrog hits your bat.
Your bat dies!
Your bat's corpse disappears in a puff of smoke!
The bullfrog croaks.
You claw the bullfrog!
You kill the bullfrog!
Your Stealth skill increases to level 11!
Your Unarmed Combat skill increases to level 11!
Mlkhall's ghost gestures at you while chanting.
The bolt of magma hits your bat.
Your bat dies!
Your bat's corpse disappears in a puff of smoke!
The bolt of magma hits you!
Ouch! That really hurt!
You die...

### ### ##### #.### ## ######
#.###.#.##.#..##.# #.#W†#
###.........###.#.#####l###
#.....###........###...§§.#
###..###.####...@§.....#$..##.
...### ## #.#####W.....†......
#### ## #.#.l....#.Y.l.. .#
..##.#..l#....##. ## ###
##.###..##..# ### .## ### ##
####### ######## #.....##
#......#########


You could see 2 komodo dragons and Mlkhall's ghost.

Vanquished Creatures
  A komodo dragon (D:8)
  2 hippogriffs
  Sigmund (D:3)
  A wyvern (D:6)
  A hungry ghost (D:3)
  A steam dragon (D:8)
  Edmund (D:4)
  2 black bears
  A swamp drake (D:8)
  An orc warrior (D:8)
  2 ice beasts
  A sky beast (D:6)
  5 ogres
  4 centaurs
  2 bullfrogs
  3 scorpions
  6 killer bees (D:7)
  2 howler monkeys
  A bullfrog zombie (D:6)
  6 crimson imps
  A centaur zombie (D:7)
  7 hounds
  The ghost of simples the Scratcher, a weakling FeCK of Xom (D:3)
  A bullfrog skeleton (D:7)
  4 orc priests
  Jessica (D:3)
  2 iguanas
  5 orc wizards
  3 worker ants
  A killer bee zombie (D:8)
  2 hound zombies
  A worker ant zombie (D:8)
  5 adders
  6 gnolls
  2 river rats (D:6)
  A shadow imp (D:7)
  4 oozes
  4 adder skeletons
  6 worms
  6 dart slugs
  6 leopard geckos
  23 orcs
  9 giant cockroaches
  5 goblins
  7 hobgoblins
  26 jackals
  6 kobolds
  2 quokkas
  3 ball pythons
  3 bats
  11 frilled lizards
  2 leopard gecko skeletons (D:4)
  2 leopard gecko zombies
  A quokka skeleton (D:6)
  8 rats
221 creatures vanquished.

Vanquished Creatures (others)
  An iguana (D:8)
  A leopard gecko (D:8)
2 creatures vanquished.

Grand Total: 223 creatures vanquished

Notes
Turn   | Place    | Note
-------+----------+-------------------------------------------
     0 | D:1      | equalderp2856 the Felid Fighter began the quest for the Orb.
     0 | D:1      | Reached XP level 1. HP: 10/10 MP: 2/2
   282 | D:1      | Reached XP level 2. HP: 11/14 MP: 3/3
   573 | D:1      | Reached XP level 3. HP: 9/17 MP: 4/4
  1392 | D:2      | Reached skill level 1 in Stealth
  1528 | D:2      | Reached XP level 4. HP: 21/21 MP: 5/5
  1637 | D:2      | Found a faded altar of an unknown god.
  2082 | D:3      | Reached skill level 5 in Unarmed Combat
  2191 | D:3      | Noticed Jessica
  2239 | D:3      | Killed Jessica
  2239 | D:3      | Reached XP level 5. HP: 24/24 MP: 6/6
  2422 | D:3      | Noticed Sigmund
  2429 | D:3      | HP: 1/24 [Sigmund/enchanted scythe (8)]
  2448 | D:3      | Killed Sigmund
  2448 | D:3      | Reached skill level 5 in Dodging
  2448 | D:3      | Gained mutation: You are covered in thick fur. (AC +2) [Felid growth]
  2448 | D:3      | Reached XP level 6. HP: 23/28 MP: 7/7
  2814 | D:3      | Noticed simples's ghost (weakling FeCK)
  3467 | D:3      | Noticed a hungry ghost
  3494 | D:3      | Killed a hungry ghost
  3494 | D:3      | Reached skill level 5 in Stealth
  3741 | D:3      | Reached XP level 7. HP: 29/31 MP: 8/8
  3954 | D:4      | Noticed Edmund
  3973 | D:4      | Killed Edmund
  4204 | D:4      | Noticed a hippogriff
  4405 | D:4      | Killed a hippogriff
  4571 | D:4      | Reached XP level 8. HP: 34/34 MP: 9/9
  4914 | D:5      | Entered Level 5 of the Dungeon
  4914 | D:5      | Noticed no0bjke's ghost (novice FoGl)
  5829 | D:3      | Killed simples's ghost
  6245 | D:6      | Found a radiant altar of Vehumet.
  6246 | D:6      | Found a basalt altar of Yredelemnul.
  6248 | D:6      | Found a glowing golden altar of the Shining One.
  6295 | D:6      | Found a sparkling altar of Nemelex Xobeh.
  6442 | D:6      | Found a glowing drain.
  6667 | D:6      | Reached XP level 9. HP: 38/38 MP: 10/10
  7077 | D:6      | Found a sacrificial altar of Ru.
  7077 | D:6      | Found a snail-covered altar of Cheibriados.
  7113 | D:6      | Found a glowing golden altar of the Shining One.
  7594 | D:7      | Reached skill level 10 in Unarmed Combat
  7723 | D:7      | Learned a level 1 spell: Summon Small Mammal
  7774 | D:7      | Succumbed to a killer bee's poison
  7775 | D:7      | Reached XP level 8. HP: -1/36 MP: 8/9
  7846 | D:7      | Found a staircase to the Ecumenical Temple.
  7869 | Temple   | Entered the Ecumenical Temple
  8159 | D:7      | Reached skill level 1 in Summonings
  8511 | D:7      | Reached skill level 10 in Stealth
  8511 | D:7      | Reached skill level 1 in Spellcasting
  8554 | D:7      | Found a burning altar of Makhleb.
  8902 | D:8      | Found Vish's Jewellery Shoppe.
  8945 | D:8      | Reached XP level 9. HP: 39/39 MP: 11/11
  9536 | D:8      | Noticed a komodo dragon
  9541 | D:8      | Killed a komodo dragon
  9556 | D:8      | Noticed Mlkhall's ghost (novice GrWz)
  9568 | D:8      | Noticed a komodo dragon
  9594 | D:8      | Killed from afar by Mlkhall's ghost
  9595 | D:8      | Reached XP level 8. HP: -12/36 MP: 12/12
  9704 | D:8      | Noticed a komodo dragon
  9708 | D:8      | Killed from afar by Mlkhall's ghost

Skill      XL: |  1  2  3  4  5  6  7  8  9 |
---------------+----------------------------+-----
Stealth        | 1 2 4 5 7 11 9 | 11.0
Unarmed Combat | 5 6 7 11 10 | 11.0
Dodging        | 5 6 8 |  8.3
Fighting       | 4 |  4.4
Summonings     | 1 2 |  2.2
Spellcasting   | 1 2 |  2.0

Action                   |  1- 3 |  4- 6 |  7- 9 || total
-------------------------+-------+-------+-------++-------
Melee: Unarmed           |   115 |   147 |   456 ||   718
       Bite              |    14 |    15 |    58 ||    87
       Punch             |     2 |     3 |    13 ||    18
 Cast: Summon Small Mamm |       |       |     6 ||     6
  Use: Potion            |       |     3 |     3 ||     6
 Stab: Sleeping          |     3 |     7 |    22 ||    32
       Distracted        |       |       |     2 ||     2
  Eat: Chunk             |     8 |     4 |     7 ||    19
       Meat ration       |       |     1 |       ||     1
Armor: Skin              |     2 |    11 |    12 ||    25
Dodge: Dodged            |    85 |    94 |   396 ||   575
